 Dungeon Crawl Stone Soup version 0.29-a0-876-gfc89b1a5bd (webtiles) character file.

Game seed: 7790870353204999381

2 jlumianski the Chiller (level 1, -1/13 HPs)
             Began as a Demonspawn Ice Elementalist on July 19, 2022.
             Slain by a kobold
             ... wielding a +0 club
              (4 damage)
             ... on level 1 of the Dungeon.
             The game lasted 00:01:34 (54 turns).

jlumianski the Chiller (Demonspawn Ice Elementalist)  Turns: 54, Time: 00:01:34

Health: -1/13      AC:  2    Str:  8    XL:     1   Next: 33%
Magic:  1/3        EV: 12    Int: 16    God:
Gold:   0          SH:  0    Dex: 13    Spells: 3/4 levels left

rFire   . . .      SeeInvis .   (no weapon)
rCold   . . .      Faith    .   (no shield)
rNeg    . . .      Spirit   .   a - +0 robe
rPois   .          Reflect  .   (no helmet)
rElec   .          Harm     .   (no cloak)
rCorr   .          Rampage  .   (no gloves)
Will    .....                   (no boots)
Stlth   ++........              (no amulet)
HPRegen 0.04/turn               (no ring)
MPRegen 0.08/turn               (no ring)

@: no status effects
A: no striking features
a: no special abilities


You were on level 1 of the Dungeon.
You visited 1 branch of the dungeon, and saw 1 of its levels.

Inventory:

Armour
 a - a +0 robe (worn)


   Skills:
 + Level 1.8 Dodging
 + Level 1.7 Stealth
 + Level 2.0 Spellcasting
 + Level 3.7 Ice Magic


You had 3 spell levels left.
You knew the following spells:

 Your Spells              Type           Power      Damage    Failure   Level
a - Freeze                Ice            52%        1d7       4%          1

Your spell library contained the following spells:

 Spells                   Type           Power      Damage    Failure   Level
 Frozen Ramparts          Ice            26%        1d4       14%         3
 Ozocubu's Armour         Ice            13%        N/A       14%         3
 Hailstorm                Conj/Ice       7%         3d4       67%         4


Dungeon Overview and Level Annotations

Branches:
Dungeon (1/15)

Altars:


Message History

You miscast Freeze.
Nothing appears to happen.
The ball python closely misses you. The ball python constricts you.
Casting: Freeze (safe; 4% risk of failure)
Confirm with . or Enter, or press ? or * to list all spells.
Aiming: Freeze (safe; 4% risk of failure)
Press: ? - help, Shift-Dir - straight line, f/p - ball python
Aim: a ball python (heavily wounded, constricting you)
You freeze the ball python.
You kill the ball python!
Unknown command.
You aren't carrying any scrolls.
You aren't carrying any potions.
Unknown command.
Casting: Freeze (safe; 4% risk of failure)
Confirm with . or Enter, or press ? or * to list all spells.
You don't have enough magic to cast this spell.
Unknown command.
You hit the kobold but do no damage. You closely miss the kobold.
The kobold barely misses you.
You hit the kobold but do no damage. The kobold closely misses you.
The frilled lizard bites you but does no damage.
You barely miss the kobold. The kobold closely misses you.
The frilled lizard closely misses you.
You hit the kobold but do no damage. The kobold closely misses you.
The frilled lizard barely misses you.
You hit the kobold but do no damage. The frilled lizard closely misses you.
The kobold hits you but does no damage.
You closely miss the kobold. The frilled lizard misses you.
The kobold hits you but does no damage.
You hit the kobold but do no damage. The kobold closely misses you.
The frilled lizard bites you.
Your magical contamination has completely faded away.
You hit the kobold but do no damage. The kobold barely misses you.
The frilled lizard barely misses you.
You closely miss the kobold. The kobold hits you with a +0 club.
* * * LOW HITPOINT WARNING * * *
The frilled lizard closely misses you.
You closely miss the kobold. The frilled lizard barely misses you.
The kobold hits you with a +0 club.
You die...

.. .. ####
#.###### 8^.
#.#@K^.#
###.##_##l###
#......rKr..#
#^#.......#^#
......
...#.^....K..^8#
...K
...####.....####
....
..........####.
..K ..........#
##.# ..#
.........# #...#
#.#


You could see a kobold, a frilled lizard and a rat.

Vanquished Creatures
  2 ball pythons (D:1)
  A rat (D:1)
3 creatures vanquished.

Notes
Turn   | Place    | Note
-------+----------+-------------------------------------------
     0 | D:1      | jlumianski the Demonspawn Ice Elementalist began the quest
                  | for the Orb.
     0 | D:1      | Reached XP level 1. HP: 13/13 MP: 3/3
    29 | D:1      | Found a faded altar of an unknown god.
    54 | D:1      | Slain by a kobold

Illustrated notes

Levels and vault maps discovered:
D:1:      elethiomel_arrival_shortcut, layout_basic,
          shapermc_ecumenical_altar_mp_highgroup

Action                   || total
-------------------------++-------
Melee: Unarmed           ||    12
 Cast: Freeze            ||     5
  Use: Potion            ||     1
Armor: Robe              ||    11
Dodge: Dodged            ||    32

Table legend: (Time is in decaauts)
 A = Elapsed time spent in this place.
 B = Non-inter-level travel time spent in this place.
 C = Inter-level travel time spent in this place.
 D = Time resting spent in this place.
 E = Time spent auto-exploring this place.
 F = Levels seen in this place.
 G = Mean time per level.
                   A        B        C        D        E       F      G
               +--------+--------+--------+--------+--------+-----+--------+
         Total |     54 |     54 |      0 |      0 |      4 |   1 |   54.0 |
       Dungeon |     54 |     54 |      0 |      0 |      4 |   1 |   54.0 |
               +--------+--------+--------+--------+--------+-----+--------+

Top non-repeatable levels by time:
     D:1: 54 daAuts
